cohdb
Replays
Latest Replays
All Replays
Popular Replays
Top Player Replays
Match Explorer
How It Works
Community
CoH3 Stats
Reddit
Sign in to upload your games and track your stats! →
Sign in with Steam
Match 43691275
Unlisted
Match 43691275
Overview
Messages
Build Orders
End
Kradschützen Motorcycle Team
Panzergrenadier Squad
Panzergrenadier Squad
Construct Light Support Kompanie
Fire Support Elements
250 Light Carrier
Flakvierling Half-track
Panzerjäger Mechanized Group
Panzerpioneer Squad
Construct Panzerarmee Kommand
Veteran Squad Leaders
2.5-tonne Medical Truck
Panzergrenadier Squad
Bish Bash Bosh
gicobiwolfe
Blanco
MoriMusic
Alertim
beef
thecolonel90
WrebbsJohnsonGiver
0
0
Comments
sign in to comment!
No comments posted yet!